 Dungeon Crawl Stone Soup version 0.27.0-1-g7a089689b8 (webtiles) character file.

Game seed: 10616364520956013041

4 dolemite99 the Poker (level 1, -5/16 HPs)
             Began as a Demonspawn Gladiator on Aug 9, 2021.
             Slain by a gnoll (6 damage)
             ... on level 1 of the Dungeon.
             The game lasted 00:00:11 (52 turns).

dolemite99 the Poker (Demonspawn Gladiator)           Turns: 52, Time: 00:00:11

Health: -5/16      AC:  4    Str: 14    XL:     1   Next: 50%
Magic:  1/1        EV: 12    Int:  9    God:
Gold:   4          SH:  0    Dex: 14    Spells: 0/0 levels left

rFire    . . .     SeeInvis .   a - +0 trident
rCold    . . .     Faith    .   (no shield)
rNeg     . . .     Spirit   .   b - +0 leather armour
rPois    .         Reflect  .   c - +0 helmet
rElec    .         Harm     .   (no cloak)
rCorr    .         Rampage  .   (no gloves)
Will     .....                  (no boots)
Stlth    +.........             (no amulet)
HPRegen  0.05/turn              (no ring)
MPRegen  0.07/turn              (no ring)

@: no status effects
A: no striking features
a: no special abilities


You were on level 1 of the Dungeon.
You visited 1 branch of the dungeon, and saw 1 of its levels.

You collected 4 gold pieces.

Inventory:

Hand Weapons
 a - a +0 trident (weapon)
Missiles
 d - 3 throwing nets (quivered)
 e - 18 stones
Armour
 b - a +0 leather armour (worn)
 c - a +0 helmet (worn)


   Skills:
 - Level 2.0 Fighting
 + Level 3.0 Polearms
 - Level 1.7 Throwing
 - Level 2.6 Dodging


You couldn't memorise any spells.
You didn't know any spells.
Your spell library was empty.

Dungeon Overview and Level Annotations

Branches:
Dungeon (1/15)

Altars:


Message History

No target in view!
No target in view!
A giant cockroach and a gnoll come into view.
Found a stone staircase leading down.
Things that are here:
a giant cockroach corpse; a hobgoblin corpse
There are monsters nearby!
There are monsters nearby!
A bat comes into view.
The gnoll shouts!
A kobold comes into view. It is wielding a +0 club.
The bat hits you but does no damage.
Things that are here:
a giant cockroach corpse; a hobgoblin corpse
There is an open door here.
You hit the giant cockroach.
The giant cockroach is almost dead.
The giant cockroach barely misses you. The giant cockroach closely misses you.
You barely miss the giant cockroach.
The giant cockroach is severely wounded.
The giant cockroach barely misses you.
You completely miss the giant cockroach.
The giant cockroach is severely wounded.
The giant cockroach bites you but does no damage.
The giant cockroach barely misses you.
You hit the giant cockroach.
You kill the giant cockroach!
The bat hits you but does no damage.
Your Polearms skill increases to level 3!
You reach to attack!
You closely miss the bat. The bat hits you but does no damage.
You barely miss the bat. The bat barely misses you. The bat hits you.
The gnoll hits you from afar with a +0 spear!
The bat hits you but does no damage. x2; The gnoll hits you with a +0 spear!
* * * LOW HITPOINT WARNING * * *
There is an open door, spattered with blood here.
You see here a giant cockroach corpse.
You barely miss the gnoll. The bat barely misses you.
The gnoll hits you with a +0 spear.
You die...

#..K.......#
#..........
......... ...g...
..... ############
...#
#..........######..#
#..............##..#
#..............@gK.#
#.............b##..#
#..............+...#
######.####....#...#
#......####..>#
##.###### #.#.#
#...# #. .# ##<## ..
###


You could see a gnoll, a bat and a kobold.

Vanquished Creatures
  2 giant cockroaches (D:1)
  A hobgoblin (D:1)
3 creatures vanquished.

Notes
Turn   | Place    | Note
-------+----------+-------------------------------------------
     0 | D:1      | dolemite99 the Demonspawn Gladiator began the quest for the
                  | Orb.
     0 | D:1      | Reached XP level 1. HP: 16/16 MP: 1/1
    49 | D:1      | Reached skill level 3 in Polearms
    52 | D:1      | Slain by a gnoll

Illustrated notes

Levels and vault maps discovered:
D:1:      saegor_arrival_simple_a, layout_basic, serial_rivers,
          chequers_serial_rivers_micro_b, chequers_serial_rivers_micro_c,
          chequers_serial_rivers_micro_d, chequers_serial_rivers_micro_e,
          chequers_serial_rivers_small_b

Skill      XL: |  1 |
---------------+----+-----
Polearms       | 3 |  3.0
Fighting       | |  2.0
Throwing       | |  1.7
Dodging        | |  2.6

Action                   || total
-------------------------++-------
Melee: Trident           ||    13
Armor: Leather armour    ||     7
Dodge: Dodged            ||    10
